 Dungeon Crawl Stone Soup version 0.29.0-4-gdea44cf6ec (webtiles) character file.

Game seed: 1006318958447370003

2 qw the Sneak (level 1, -1/14 HPs)
             Began as a Gargoyle Delver on Sept 10, 2022.
             Slain by Duvessa
             ... wielding a +0 short sword
              (7 damage)
             ... on level 5 of the Dungeon.
             The game lasted 00:00:02 (475 turns).

qw the Sneak (Gargoyle Delver)                       Turns: 475, Time: 00:00:03

Health: -1/14      AC:  5    Str: 15    XL:     1   Next: 40%
Magic:  1/1        EV: 11    Int: 10    God:
Gold:   8          SH:  0    Dex: 11    Spells: 0/0 levels left

rFire   . . .      SeeInvis .   a - +0 hand axe
rCold   . . .      Faith    .   (no shield)
rNeg    + . .      Spirit   .   b - +0 leather armour
rPois   inf        Reflect  .   (no helmet)
rElec   +          Harm     .   (no cloak)
rCorr   .          Rampage  .   (no gloves)
Will    .....                   (no boots)
Stlth   +++.......              (no amulet)
HPRegen 0.04/turn               (no ring)
MPRegen 0.07/turn               (no ring)

@: no status effects
A: sickness immunity, AC +2, negative energy resistance 1, electricity
resistance, torment resistance 1, petrification resistance
a: no special abilities


You were on level 5 of the Dungeon.
You visited 1 branch of the dungeon, and saw 1 of its levels.

You collected 8 gold pieces.


Innate Abilities, Weirdness & Mutations

You are immune to sickness and miasma.
Your stone body is resilient. (AC +2)
You are immune to poison.
You resist negative energy. (rN+)
You are resistant to electric shocks. (rElec)
You are resistant to unholy torment.
You are immune to petrification.


   Skills:
 - Level 3.2 Fighting
 + Level 2.0 Axes
 - Level 1.5 Dodging
 - Level 5.4 Stealth


You couldn't memorise any spells.
You didn't know any spells.
Your spell library was empty.

Inventory:

Hand Weapons
 a - a +0 hand axe (weapon)
Armour
 b - a +0 leather armour (worn)
Wands
 g - a wand of digging (3)
Scrolls
 c - a scroll of fog
 d - a scroll of magic mapping
 e - a scroll of fear
Potions
 f - a potion of haste

Dungeon Overview and Level Annotations

Branches:
Dungeon (5/15)
 Temple: D:4-7

Altars:

Annotations:
D:5 Dowan, Duvessa


Message History

216 ||| Stepping ~*~*~tactically~*~*~ (hiding).
You start waiting.
Done waiting.
318 ||| Stepping ~*~*~tactically~*~*~ (hiding).
You start waiting.
A dart slug is nearby!
You hit the dart slug.
The dart slug is moderately wounded.
The dart slug misses you.
You hit the dart slug.
The dart slug is almost dead.
The dart slug launches a dart at you. The slug dart misses you.
You hit the dart slug.
You kill the dart slug!
Your Axes skill increases to level 2!
You start waiting.
Done waiting.
You see here a dart slug corpse.
Found a stone staircase leading down.
Enter note: You now have 8 gold pieces.
You open the door.
Duvessa and Dowan come into view.
Duvessa is wielding a +0 short sword and wearing a +3 leather armour of positive energy.
Dowan is wielding a +0 dagger and carrying a wand of light (9).
471 ||| Stepping ~*~*~tactically~*~*~ (hiding).
Duvessa shouts!
You hear a shout!
There is an open door here.
You hit Dowan.
Dowan is lightly wounded.
You hit Duvessa but do no damage. Duvessa hits you with a +0 short sword!
Ouch! That really hurt!
Dowan completely misses you.
You closely miss Dowan.
Dowan is lightly wounded.
You closely miss Duvessa. Duvessa hits you with a +0 short sword!
Ouch! That really hurt!
You die...

#.#.# #.#.# #.#.#
############.#.########
..........>...........#
###..........####.#
#.#######...#.#.#
#.#e...}#...#.#.###
#.@e...8#..........
#.#....}#...###.###
####.##+#+##.......#
..#..# #..########
#....# #..........
###..#######%..#######
...............#
....>......##..#
....###..#####..#


You could see Duvessa and Dowan.

Vanquished Creatures
  A dart slug (D:5)
1 creature vanquished.

Notes
Turn   | Place    | Note
-------+----------+-------------------------------------------
     0 | D:5      | qw the Gargoyle Delver began the quest for the Orb.
     0 | D:5      | Reached XP level 1. HP: 14/14 MP: 1/1
     0 | D:5      | 0 ||| qw: Version: 0.1-a-117-gfe26ee0
     0 | D:5      | 0 ||| qw: Game counter: 9670
     0 | D:5      | 0 ||| qw: Always use a shield: true
     0 | D:5      | 0 ||| qw: God list: Okawaru
     0 | D:5      | 0 ||| qw: Allow faded altars: false
     0 | D:5      | 0 ||| qw: Do Orc after D:15 true
     0 | D:5      | 0 ||| qw: Do second Lair branch before Depths: true
     0 | D:5      | 0 ||| qw: Lair rune preference: random
     0 | D:5      | 0 ||| qw: Plans: Normal
     0 | D:5      | 0 ||| PLANNING D:1-11
    12 | D:5      | 12 ||| Stepping ~*~*~tactically~*~*~ (hiding).
   114 | D:5      | 114 ||| Stepping ~*~*~tactically~*~*~ (hiding).
   216 | D:5      | 216 ||| Stepping ~*~*~tactically~*~*~ (hiding).
   318 | D:5      | 318 ||| Stepping ~*~*~tactically~*~*~ (hiding).
   470 | D:5      | Noticed Duvessa
   470 | D:5      | Noticed Dowan
   471 | D:5      | 471 ||| Stepping ~*~*~tactically~*~*~ (hiding).
   475 | D:5      | Slain by Duvessa

Levels and vault maps discovered:
D:5:      dreamdust_elfheim, layout_basic

Skill      XL: |  1 |
---------------+----+-----
Axes           | 2 |  2.0
Fighting       | |  3.2
Dodging        | |  1.5
Stealth        | |  5.4

Action                   || total
-------------------------++-------
Melee: Hand axe          ||     5
Dodge: Dodged            ||     3

Table legend:
 A = Non-vault XP
 B = Vault XP
 C = Vault XP percentage of total XP
 D = Non-vault monster count
 E = Vault monster count
 F = Vault count percentage of total count
                 A         B        C        D         E       F
            +---------+---------+-------+---------+---------+-------
      Total |       4 |       0 |   0.0 |       1 |       0 |   0.0
            +---------+---------+-------+---------+---------+-------
        D:5 |       4 |       0 |   0.0 |       1 |       0 |   0.0
            +---------+---------+-------+---------+---------+-------
